AoeStats
← PunKY

Arabia

507328158Analyzed
1v1 RM · 14d ago on Sep 17, 2026· 31m 47s· 2 players
Game mode
Random Map
Map size
Tiny (2 player)
Population
200
Speed
Normal
Resources
Standard
Victory
Conquest
Starting age
Dark Age
Ending age
Imperial Age
RankedLock teamsTeams togetherTeam positionsShared explorationLock speedFull tech treeHidden civsTurbo modeCheats
Victory
Defeat
🇨🇴 Muisca · Colombia
1294
+16
🇦🇷 Hindustanis · Argentina
1284
-16
PunKY
7:15 Loom
10:08 Feudal Age
11:20 Double-Bit Axe
13:27 Fletching
13:42 Horse Collar
17:50 Wheelbarrow
22:06 Castle Age
20:58 Bloodlines
20:48 Gold Mining
21:54 Scale Barding Armor
23:04 Bow Saw
23:44 Chain Barding Armor
25:46 Forging
27:44 Heavy Plow
30:43 Bodkin Arrow
31:55 Murder Holes
Nauta
5:53 Loom
11:56 Feudal Age
13:01 Double-Bit Axe
12:57 Horse Collar
19:15 Champi Runner
19:59 Gold Mining
22:20 Castle Age
20:34 Scale Mail Armor
20:45 Forging
22:40 Wheelbarrow
23:55 Iron Casting
22:42 Champi Warrior
24:54 Bow Saw
27:26 Chain Mail Armor
27:33 Squires
30:31 Heavy Plow
Connection lost

Rejoining the realm…

Still unreachable

The connection could not be restored.

Session expired

The server has moved on; the page needs a fresh start.